 Dungeon Crawl Stone Soup version 0.32-a0-422-g28b100f618 (webtiles) character file.

Game seed: 5909646284158286658

373 Alarak the Slasher (level 6, -2/51 HPs)
             Began as a Gnoll Reaver on Feb 22, 2024.
             Was an Initiate of Okawaru.
             Slain by a killer bee (6 damage)
             ... on level 5 of the Dungeon.
             The game lasted 00:10:31 (3885 turns).

Alarak the Slasher (Gnoll Reaver)                   Turns: 3885, Time: 00:10:32

Health: -2/51      AC:  6    Str: 17    XL:     6   Next: 72%
Magic:  0/23       EV: 13    Int: 12    God:    Okawaru [......]
Gold:   213        SH:  0    Dex: 12    Spells: 9/15 levels left

rFire   . . .        a - +1 falchion
rCold   . . .        (no shield)
rNeg    + . .        f - +2 leather armour of Vehumet's Favour {rElec rN+ rCorr}
rPois   .            (no helmet)
rElec   +            (no cloak)
rCorr   +            (no gloves)
SInv    +            q - +0 pair of boots of the Prince of Darkness {Rampage Str+5}
Will    +....        m - amulet of guardian spirit
Stlth   ++           n - ring of magical power
HPRegen 0.28/turn    v - ring of see invisible
MPRegen 0.18/turn

%: guardian spirit, rampage
@: lethally poisoned (-2 -> -8), immotile, enlightened, flying
A: fangs 1, strong nose, distributed training
a: Renounce Religion


You were on level 5 of the Dungeon.
You worshipped Okawaru.
Okawaru was noncommittal.
You visited 1 branch of the dungeon, and saw 5 of its levels.

You collected 213 gold pieces.

Inventory:

Hand Weapons
 a - a +1 falchion (weapon)
 h - a +0 dagger of protection
Armour
 b - a +0 leather armour
 f - the +2 leather armour of Vehumet's Favour (worn) {rElec rN+ rCorr}
   (You found it on level 2 of the Dungeon)

   rElec:     It insulates you from electricity.
   rN+:       It protects you from negative energy.
   rCorr:     It protects you from acid and corrosion.
 q - the +0 pair of boots of the Prince of Darkness (worn) {Rampage Str+5}
   (You found it on level 3 of the Dungeon)

   Str+5:     It affects your strength (+5).
   Rampage:   It bestows one free step when moving towards enemies.
Magical Staves
 o - a staff of alchemy
Jewellery
 m - an amulet of guardian spirit (around neck)
 n - a ring of magical power (left hand)
 v - a ring of see invisible (right hand)
Wands
 l - a wand of roots (23)
Scrolls
 c - a scroll of teleportation
 g - 3 scrolls of enchant weapon
 i - a scroll of fear
 j - a scroll of noise {unknown}
 r - a scroll of silence {unknown}
 t - a scroll of fog
Potions
 d - 4 potions of curing
 e - a potion of brilliance
 k - a potion of degeneration
 p - a potion of cancellation
 s - a potion of enlightenment
 u - a potion of heal wounds {unknown}


   Skills:
 + Level 5.1 Fighting
 + Level 2.1 Short Blades
 + Level 6.9 Long Blades
 + Level 2.1 Axes
 + Level 2.1 Maces & Flails
 + Level 2.1 Polearms
 + Level 2.1 Staves
 + Level 2.1 Ranged Weapons
 + Level 2.1 Throwing
 + Level 2.1 Armour
 + Level 5.1 Dodging
 + Level 2.1 Stealth
 + Level 2.1 Shields
 + Level 2.1 Unarmed Combat
 + Level 5.4 Spellcasting
 + Level 5.7 Conjurations
 + Level 1.7 Hexes
 + Level 1.7 Summonings
 + Level 1.7 Necromancy
 + Level 1.7 Translocations
 + Level 1.7 Fire Magic
 + Level 1.7 Ice Magic
 + Level 1.7 Air Magic
 + Level 1.7 Earth Magic
 + Level 1.7 Alchemy
 + Level 2.4 Invocations
 + Level 2.1 Evocations
 + Level 2.0 Shapeshifting


You had 9 spell levels left.
You knew the following spells:

 Your Spells              Type           Power      Damage    Failure   Level
a - Kiss of Death         Conj/Necr      48%        2d9       4%          1
b - Momentum Strike       Conj/Tloc      24%        3d8       8%          2
c - Hailstorm             Conj/Ice       12%        3d6       14%         3

Your spell library contained the following spells:

 Spells                   Type           Power      Damage    Failure   Level
 Freeze                   Ice            28%        1d5       11%         1
 Frozen Ramparts          Ice            14%        1d3       32%         3
 Sigil of Binding         Hex            7%         N/A       32%         3
 Dimensional Bullseye     Hex/Tloc       3%         N/A       73%         4
 Call Canine Familiar     Summ           Unusable   N/A       N/A         3

Dungeon Overview and Level Annotations

Branches:
Dungeon (5/15)
 Temple: D:4-7

Altars:
Elyvilon
Okawaru

Shops:
D:2 !

Annotations:
D:5 Eustachio


Innate Abilities, Weirdness & Mutations

You have very sharp teeth.
Your uncanny sense of smell can sniff out nearby items.
Your experience applies equally to all skills.


Message History

You miss Eustachio.
Eustachio is severely wounded.
The killer bee completely misses you.
A killer bee comes into view.
The bat misses you. The killer bee stings you!
You are more poisoned.
The killer bee poisons you! The river rat barely misses you.
Eustachio misses you.
The killer bee moves out of view.
You barely miss Eustachio.
Eustachio is severely wounded.
You feel very sick. The bat barely misses you. The killer bee misses you.
The killer bee stings you. x2
You are more poisoned.
The killer bee poisons you! The river rat bites you!
The white imp gestures at you. The puff of frost hits you!
* * * LOW HITPOINT WARNING * * *
Eustachio hits you with a +0 rapier!
* * * LOW HITPOINT WARNING * * *
You feel better. The bat misses you. The killer bee closely misses you.
The killer bee stings you but does no damage.
The killer bee stings you.
* * * LOW HITPOINT WARNING * * *
The killer bee stings you.
* * * LOW HITPOINT WARNING * * *
The river rat bites you.
* * * LOW HITPOINT WARNING * * *
Eustachio closely misses you.
It was a potion of enlightenment.
You feel very buoyant.
You fly up into the air.
The killer bee stings you.
* * * LOW HITPOINT WARNING * * *
You are lethally poisoned!
The killer bee poisons you!
The killer bee stings you but does no damage.
The bat hits you but does no damage.
A killer bee comes into view.
The killer bee closely misses you. The killer bee stings you!
You die...

# .### #....y
#....#
#.#..#####
:....... # .....
#.# ###..##...#
#.y@r..#
#..@y.### .
#####.b5##......
........#.###...
.......#r....##
?......#o.....#
.....#.#.....#..
.....##......#
..... ##.....#
.... .###.#...


You could see Eustachio, 3 killer bees, a river rat (summoned), a white imp, an
orc, a bat (summoned) and a rat (summoned).

Vanquished Creatures
  A phantom (D:4)
  2 bombardier beetles
  An iguana (D:4)
  3 gnolls (D:2)
  4 adders
  A ribbon worm (D:2)
  2 dart slugs
  11 orcs
  8 bats
  6 endoplasms
  6 giant cockroaches
  5 goblins (D:1)
  5 hobgoblins
  A jackal (D:2)
  4 kobolds
  A quokka (D:2)
  7 ball pythons
  A frilled lizard (D:3)
  4 rats
73 creatures vanquished.

Notes
Turn   | Place    | Note
-------+----------+-------------------------------------------
     0 | D:1      | Alarak the Gnoll Reaver began the quest for the Orb.
     0 | D:1      | Reached XP level 1. HP: 20/20 MP: 6/6
   106 | D:1      | Reached XP level 2. HP: 22/24 MP: 7/7
   233 | D:1      | Learned a level 2 spell: Momentum Strike
   425 | D:1      | Reached skill level 5 in Spellcasting
   425 | D:1      | Reached XP level 3. HP: 29/31 MP: 3/9
   973 | D:2      | Found Catiaqipt's Distillery.
  1024 | D:2      | Identified the +2 leather armour of Vehumet's Favour {rElec
                  | rN+ rCorr}
  1026 | D:2      | Reached skill level 1 in Invocations
  1112 | D:2      | Reached skill level 1 in Short Blades
  1112 | D:2      | Reached skill level 1 in Axes
  1112 | D:2      | Reached skill level 1 in Maces & Flails
  1112 | D:2      | Reached skill level 1 in Polearms
  1112 | D:2      | Reached skill level 1 in Staves
  1112 | D:2      | Reached skill level 1 in Ranged Weapons
  1112 | D:2      | Reached skill level 1 in Throwing
  1112 | D:2      | Reached skill level 1 in Armour
  1112 | D:2      | Reached skill level 1 in Stealth
  1112 | D:2      | Reached skill level 1 in Shields
  1112 | D:2      | Reached skill level 1 in Unarmed Combat
  1112 | D:2      | Reached skill level 1 in Evocations
  1204 | D:2      | Learned a level 3 spell: Hailstorm
  1283 | D:2      | Reached skill level 1 in Shapeshifting
  1283 | D:2      | Reached XP level 4. HP: 26/38 MP: 9/11
  1292 | D:2      | Reached skill level 1 in Hexes
  1292 | D:2      | Reached skill level 1 in Summonings
  1292 | D:2      | Reached skill level 1 in Necromancy
  1292 | D:2      | Reached skill level 1 in Translocations
  1292 | D:2      | Reached skill level 1 in Fire Magic
  1292 | D:2      | Reached skill level 1 in Ice Magic
  1292 | D:2      | Reached skill level 1 in Air Magic
  1292 | D:2      | Reached skill level 1 in Earth Magic
  1292 | D:2      | Reached skill level 1 in Alchemy
  1544 | D:2      | Found a white marble altar of Elyvilon.
  1628 | D:2      | Reached XP level 5. HP: 43/43 MP: 12/12
  2640 | D:3      | Identified the +0 pair of boots of the Prince of Darkness
                  | {Rampage Str+5}
  2936 | D:4      | Found an iron altar of Okawaru.
  2959 | D:4      | Became a worshipper of Warmaster Okawaru
  3184 | D:4      | Noticed a phantom
  3250 | D:4      | Reached XP level 6. HP: 44/50 MP: 13/13
  3530 | D:4      | Reached skill level 5 in Fighting
  3530 | D:4      | Reached skill level 5 in Dodging
  3825 | D:5      | Entered Level 5 of the Dungeon
  3830 | D:5      | Noticed Eustachio
  3885 | D:5      | Slain by a killer bee

Illustrated notes

Levels and vault maps discovered:
D:1:      heliophobic_arrival_dark_side_of_the_moon, layout_loops_ring,
          serial_bayou_lake_a
D:2:      minmay_skewed_foursquare, layout_loops_corners, basic_altar,
          serial_shops, shop
D:3:      layout_loops_ring, chequers_serial_rivers_micro_b
D:4:      layout_loops_cross, okawaru_trees_1
D:5:      nicolae_BIG_FREAKIN_CUBE, layout_rooms, overflow_temple_1_default,
          uniq_prince_ribbit1, uniq_crazy_yiuf_cottage, uniq_grinder,
          uniq_eustachio, uniq_ijyb

Skill      XL: |  1  2  3  4  5  6 |
---------------+-------------------+-----
Spellcasting   | 5 |  5.4
Invocations    | 1 2 |  2.4
Short Blades   | 1 2 |  2.1
Axes           | 1 2 |  2.1
Maces & Flails | 1 2 |  2.1
Polearms       | 1 2 |  2.1
Staves         | 1 2 |  2.1
Ranged Weapons | 1 2 |  2.1
Throwing       | 1 2 |  2.1
Armour         | 1 2 |  2.1
Stealth        | 1 2 |  2.1
Shields        | 1 2 |  2.1
Unarmed Combat | 1 2 |  2.1
Evocations     | 1 2 |  2.1
Shapeshifting  | 1 2 |  2.0
Hexes          | 1 |  1.7
Summonings     | 1 |  1.7
Necromancy     | 1 |  1.7
Translocations | 1 |  1.7
Fire Magic     | 1 |  1.7
Ice Magic      | 1 |  1.7
Air Magic      | 1 |  1.7
Earth Magic    | 1 |  1.7
Alchemy        | 1 |  1.7
Fighting       | 5 |  5.1
Dodging        | 5 |  5.1
Long Blades    | |  6.9
Conjurations   | |  5.7

Action                     |  1- 3 |  4- 6 || total
---------------------------+-------+-------++-------
  Melee: Falchion          |    63 |   166 ||   229
         Bite              |     6 |    17 ||    23
   Cast: Kiss of Death     |     1 |       ||     1
         Momentum Strike   |    11 |    14 ||    25
    Use: Scroll            |     3 |     6 ||     9
         Potion            |       |     2 ||     2
   Stab: Sleeping          |     1 |     1 ||     2
 Armour: Leather armour    |    34 |    90 ||   124
  Dodge: Dodged            |    43 |   114 ||   157

Table legend: (Time is in decaauts)
 A = Elapsed time spent in this place.
 B = Non-inter-level travel time spent in this place.
 C = Inter-level travel time spent in this place.
 D = Time resting spent in this place.
 E = Time spent auto-exploring this place.
 F = Levels seen in this place.
 G = Mean time per level.
                   A        B        C        D        E       F      G
               +--------+--------+--------+--------+--------+-----+--------+
         Total |   3916 |   3628 |    288 |    253 |   2817 |   5 |  783.2 |
       Dungeon |   3916 |   3628 |    288 |    253 |   2817 |   5 |  783.2 |
               +--------+--------+--------+--------+--------+-----+--------+

Top non-repeatable levels by time:
     D:2: 1289 daAuts
     D:1: 1020 daAuts
     D:4: 913 daAuts
     D:3: 656 daAuts
     D:5: 37 daAuts
